 Dungeon Crawl Stone Soup version 0.28.0-53-g5a82cb258f (webtiles) character file.

Game seed: 3949794274168107069

3 LynnLen the Sneak (level 1, -2/13 HPs)
             Began as a Vampire Enchanter on July 30, 2022.
             Slain by a ball python (3 damage)
             ... on level 1 of the Dungeon.
             The game lasted 00:01:16 (52 turns).

LynnLen the Sneak (Vampire Enchanter)                 Turns: 52, Time: 00:01:17

Health: -2/13      AC:  2    Str:  7    XL:     1   Next: 41%
Magic:  3/3        EV:  9    Int: 17    God:
Gold:   15         SH:  0    Dex: 14    Spells: 4/4 levels left

rFire   . . .      SeeInvis +   a - +1 dagger
rCold   . . .      Faith    .   (no shield)
rNeg    . . .      Spirit   .   b - +0 robe
rPois   .          Reflect  .   (no helmet)
rElec   .          Harm     .   (no cloak)
rCorr   .          Rampage  .   (no gloves)
Will    .....                   (no boots)
Stlth   +++.......              (no amulet)
HPRegen 0.24/turn               (no ring)
MPRegen 0.08/turn               (no ring)

@: healing quickly, constricted
A: alive, fangs 3, see invisible, vampiric 1
a: Exsanguinate


You were on level 1 of the Dungeon.
You visited 1 branch of the dungeon, and saw 1 of its levels.

You collected 15 gold pieces.

Inventory:

Hand Weapons
 a - a +1 dagger (weapon)
Armour
 b - a +0 robe (worn)
Potions
 c - a potion of invisibility


   Skills:
 * Level 1.1 Short Blades
 * Level 2.2 Dodging
 * Level 4.5 Stealth
 * Level 2.0 Spellcasting
 + Level 4.5 Hexes


You had 4 spell levels left.
You didn't know any spells.
Your spell library contained the following spells:

 Spells                   Type           Power      Damage    Failure   Level
 Confusing Touch          Hex            17%        N/A       9%          3
 Tukima's Dance           Hex            17%        N/A       9%          3
 Ensorcelled Hibernation  Hex/Ice        18%        N/A       12%         2
 Dazzling Flash           Conj/Hex       18%        N/A       22%         3


Dungeon Overview and Level Annotations

Branches:
Dungeon (1/15)

Altars:


Innate Abilities, Weirdness & Mutations

Your natural rate of healing is accelerated.
You have razor-sharp teeth.
You have supernaturally acute eyesight. (SInv)
You are afflicted with vampirism.


Message History

The bat misses you.
You hit the kobold but do no damage.
The kobold is moderately wounded.
The bat barely misses you. The kobold hits you but does no damage.
The bat hits you but does no damage.
You hit the kobold.
You kill the kobold!
The bat completely misses you.
You hit the goblin. Your punch misses the goblin.
The goblin is severely wounded.
The ball python misses you. The ball python closely misses you.
The goblin closely misses you.
You barely miss the goblin. Your bite misses the goblin.
The goblin is severely wounded.
The ball python bites you but does no damage.
The ball python closely misses you. The goblin hits you with a +0 dagger.
You hit the goblin but do no damage. You bite the goblin.
You kill the goblin!
The ball python barely misses you. The ball python closely misses you.
You hit the hobgoblin.
The hobgoblin is lightly wounded.
The ball python bites you. The ball python grabs you.
The ball python constricts you.
The hobgoblin hits you but does no damage.
You barely miss the hobgoblin.
The hobgoblin is lightly wounded.
The ball python barely misses you. The ball python constricts you.
The hobgoblin hits you.
You closely miss the hobgoblin.
You bite the hobgoblin, but do no damage.
The hobgoblin is lightly wounded.
The ball python bites you.
* * * LOW HITPOINT WARNING * * *
The ball python constricts you. The hobgoblin barely misses you.
The ball python barely misses you. The ball python constricts you.
* * * LOW HITPOINT WARNING * * *
You barely miss the hobgoblin.
The hobgoblin is lightly wounded.
The ball python bites you.
You die...

#. .. ## . r.. #.. .
(.. #...#!#.# .#
..#.#.# #.## S.....
.....
.####.#.#####.......
>......bS@g.........
######.#####.......
###.####........
#..............
#......#.......
#......##.#####
#............####
###.............#
#.............#


You could see a hobgoblin, a bat and a ball python.

Vanquished Creatures
  A bat (D:1)
  A goblin (D:1)
  A kobold (D:1)
3 creatures vanquished.

Notes
Turn   | Place    | Note
-------+----------+-------------------------------------------
     0 | D:1      | LynnLen the Vampire Enchanter began the quest for the Orb.
     0 | D:1      | Reached XP level 1. HP: 13/13 MP: 3/3
    52 | D:1      | Slain by a ball python

Illustrated notes

Levels and vault maps discovered:
D:1:      evilmike_arrival_grusome_pit, layout_basic,
          shapermc_ecumenical_altar_venn, serial_shops, shop, shop_statue

Action                   || total
-------------------------++-------
Melee: Dagger            ||    16
       Bite              ||     2
Armor: Robe              ||     9
Dodge: Dodged            ||    22
